Map: [ESL] Alcyone

Players

Lambo - Winner!

  • Race: Zerg Zerg
  • Spawn Location: 1:00

uThermal

  • Race: Terran Terran
  • Spawn Location: 7:00

Event: ESL SC2 Masters 2024 Spring (Regional)

VOD

Have the link to the VOD?

Description

Time

  • Played on: April 16, 2024, 11:33 a.m.
  • Length: 14:25

All games in this series

Show
View Real Time Build Order
Export as new Build Order

Lambo Zerg - Winner!

Build Orders: Pool First 

Get SALT Encoding   

  12  0:00  Drone  
  13  0:12  Overlord  
  13  0:17  Drone  
  14  0:31  Drone x2  
  14  0:35  Drone  
  17  0:43  Spawning Pool  
  17  0:48  Drone  
  17  1:07  Hatchery  
  17  1:10  Drone  
  17  1:13  Drone  
  18  1:18  Extractor  
  17  1:29  Zergling x4  
  17  1:30  Queen  
  21  1:39  Overlord  
  21  1:50  Drone  
  22  2:04  Drone  
  22  2:06  Queen  
  25  2:11  Drone  
  26  2:20  Drone, Queen  
  26  2:22  Drone  
  30  2:33  Drone x2  
  32  2:37  Hatchery  
  32  2:40  Drone  
  32  2:45  Overlord  
  32  2:50  Drone x2  
  34  2:56  Overlord  
  34  2:58  Drone  
  34  3:04  Metabolic Boost  
  34  3:11  Drone x2  
  34  3:12  Drone  
  36  3:16  Overlord  
  36  3:18  Drone  
  37  3:20  Queen  
  37  3:24  Drone  
  37  3:25  Drone  
  37  3:26  Drone  
  42  3:29  Drone  
  42  3:32  Zergling x2  
  44  3:36  Drone  
  44  3:37  Queen  
  44  3:39  Zergling x2  
  48  3:43  Drone x2  
  48  3:45  Drone  
  51  3:49  Queen  
  51  3:53  Zergling x2  
  51  3:54  Zergling x4  
  55  4:02  Drone x3  
  54  4:06  Drone x2  
  54  4:09  Drone  
  54  4:13  Drone x2  
  56  4:18  Drone  
  56  4:22  Overlord  
  57  4:27  Overlord  
  57  4:32  Overlord  
  57  4:36  Zergling x4, Spore Crawler  
  57  4:37  Spore Crawler  
  58  4:38  Zergling x2  
  58  4:40  Drone x4  
  58  4:42  Drone  
  58  4:43  Drone  
  63  4:45  Drone x2  
  63  4:47  Drone  
  63  4:49  Drone  
  67  4:58  Zergling x4  
  67  4:59  Drone x2  
  71  5:03  Lair  
  71  5:04  Queen  
  73  5:07  Extractor  
  73  5:10  Drone x5  
  77  5:15  Baneling Nest  
  77  5:20  Zergling x2  
  77  5:21  Zergling x2  
  78  5:22  Drone x4  
  82  5:28  Spore Crawler  
  82  5:31  Spore Crawler  
  82  5:35  Zergling x14  
  79  5:39  Evolution Chamber  
  67  5:43  Zergling x10  
  67  5:46  Queen  
  69  5:52  Drone x5  
  69  5:56  Queen  
  74  6:01  Drone  
  74  6:02  Queen  
  74  6:04  Drone x2  
  80  6:16  Drone x2, Spire  
  80  6:17  Drone  
  82  6:23  Baneling x5  
  81  6:30  Overlord  
  81  6:32  Extractor  
  80  6:35  Overlord  
  80  6:36  Drone  
  81  6:41  Overlord  
  81  6:43  Overlord  
  81  6:45  Hatchery  
  81  6:46  Overlord, Queen  
  81  6:47  Drone, Extractor, Queen  
  81  6:48  Drone x3  
  86  6:54  Drone x2  
  86  6:57  Drone  
  86  6:59  Drone x2  
  91  7:01  Centrifugal Hooks  
  91  7:03  Drone  
  91  7:04  Evolution Chamber x2, Queen  
  93  7:17  Zergling x20  
  93  7:21  Queen  
  105  7:26  Hatchery  
  105  7:29  Zergling x6  
  107  7:31  Zerg Melee Weapons Level 1  
  107  7:32  Zerg Ground Armor Level 1  
  107  7:36  Zergling x6  
  110  7:43  Zergling x10  
  115  7:44  Baneling x3  
  115  7:45  Baneling x3  
  115  7:49  Queen x2  
  115  7:50  Drone  
  120  7:52  Drone  
  121  7:58  Overlord  
  121  7:59  Drone x5  
  121  8:01  Overlord  
  121  8:02  Drone  
  121  8:04  Overlord  
  121  8:05  Drone  
  128  8:16  Queen x2  
  132  8:21  Drone x8  
  132  8:23  Drone x2  
  132  8:26  Zergling x2  
  141  8:30  Zergling x12  
  147  8:36  Zergling x10  
  147  8:37  Zergling x2  
  147  8:38  Zergling x4  
  152  8:47  Zergling x14  
  157  8:50  Infestation Pit  
  157  8:51  Baneling  
  157  8:52  Baneling x3  
  155  9:08  Overlord  
  155  9:14  Overlord, Hatchery  
  155  9:15  Overlord, Hatchery  
  153  9:18  Baneling x4  
  153  9:20  Overlord  
  153  9:21  Overlord  
  153  9:23  Overlord  
  153  9:27  Zergling x14  
  153  9:29  Zerg Melee Weapons Level 2, Zerg Ground Armor Level 2, Hive  
  160  9:32  Overlord  
  160  9:35  Zergling x18  
  160  9:36  Zergling x2  
  169  9:41  Baneling x6  
  169  9:44  Zergling x14  
  176  9:52  Zergling x6  
  163  9:56  Zergling x10  
  160  10:01  Zergling x2  
  160  10:02  Baneling x4  
  160  10:03  Zergling x2  
  160  10:04  Zergling x6  
  160  10:06  Zergling x2  
  162  10:11  Zergling x10  
  162  10:12  Baneling x5  
  162  10:14  Zergling x2  
  168  10:26  Zergling x12  
  174  10:29  Hatchery  
  174  10:35  Zergling x12  
  178  10:41  Zergling x2  
  178  10:42  Zergling x10  
  184  10:47  Zergling x6  
  187  10:50  Zergling x4  
  187  10:52  Baneling x14  
  189  11:00  Zergling x20  
  187  11:08  Zergling x4  
  159  11:15  Zergling x10  
  156  11:19  Zergling x4  
  156  11:20  Zergling x2  
  156  11:21  Zergling x18  
  156  11:24  Adrenal Glands  
  168  11:25  Viper  
  168  11:27  Ultralisk Cavern, Baneling x9  
  168  11:28  Zergling x12  
  176  11:36  Zergling x16  
  184  11:43  Zergling x8  
  185  11:53  Zergling x28  
  190  12:08  Zergling x20  
  175  12:10  Spore Crawler  
  175  12:13  Zergling x6  
  173  12:18  Zergling x2  
  173  12:19  Zergling x10  
  176  12:23  Baneling x8  
  176  12:25  Chitinous Plating  
  176  12:26  Ultralisk x2  
  180  12:31  Zergling x16  
  184  12:38  Spore Crawler  
  184  12:40  Zergling x12  
  184  12:43  Zergling x2  
  186  12:57  Zergling x28  
  198  13:05  Zergling x4  
  196  13:22  Hatchery  
  196  13:24  Overlord  
  196  13:25  Baneling  
  196  13:26  Overseer, Baneling x4  
  194  13:29  Baneling x15  
  194  13:30  Unknown  
  193  13:38  Baneling  
  193  13:39  Baneling x8  
  193  13:41  Overlord  
  193  13:47  Extractor  
  192  13:48  Drone x8  
  192  13:52  Spore Crawler  
  199  13:56  Zergling x2  
Show
View Real Time Build Order
Export as new Build Order

uThermal Terran 

Build Orders: Gas First Reaper Expand, Hellion Opening 

Get SALT Encoding   

  12  0:00  SCV  
  13  0:12  SCV  
  14  0:17  Supply Depot  
  14  0:24  SCV  
  15  0:29  Refinery  
  15  0:38  SCV  
  16  0:43  Barracks  
  16  0:50  SCV  
  17  1:02  SCV  
  18  1:14  SCV  
  19  1:30  Orbital Command, Reaper  
  20  1:41  Command Center  
  20  1:56  SCV  
  20  1:57  Factory  
  21  2:05  Barracks Reactor  
  21  2:08  SCV  
  22  2:10  Supply Depot  
  22  2:13  Refinery  
  22  2:20  SCV  
  23  2:32  SCV  
  24  2:42  Hellion, Marine x2  
  28  2:44  SCV  
  28  2:46  Starport  
  29  2:56  SCV  
  29  2:57  Orbital Command  
  30  3:08  SCV  
  30  3:11  Hellion  
  30  3:12  Hellion  
  35  3:20  Orbital Command  
  35  3:23  SCV, Fusion Core  
  36  3:33  Hellion x2  
  40  3:35  SCV  
  40  3:37  Starport Tech Lab  
  41  3:47  SCV x2  
  43  3:50  Supply Depot  
  43  3:57  Hellion  
  43  3:59  Hellion  
  43  4:01  SCV x2  
  42  4:13  SCV  
  43  4:19  Supply Depot  
  43  4:20  Battlecruiser  
  43  4:22  Hellion  
  51  4:25  Hellion  
  51  4:26  SCV  
  54  4:35  Supply Depot  
  54  4:41  SCV x2  
  54  4:44  Barracks Tech Lab, Supply Depot  
  56  4:48  Hellion  
  56  4:49  Hellion  
  60  4:53  SCV  
  60  4:54  SCV  
  62  5:00  Command Center  
  62  5:03  Stimpack, Marine  
  62  5:05  SCV  
  62  5:06  SCV  
  65  5:15  Engineering Bay  
  65  5:16  Engineering Bay  
  65  5:18  SCV  
  65  5:19  SCV  
  67  5:24  Marine  
  68  5:30  SCV  
  68  5:32  SCV  
  68  5:35  Starport Reactor  
  64  5:42  SCV, Marine  
  62  5:44  SCV  
  62  5:46  Siege Tank  
  64  5:50  Barracks x2  
  64  5:54  SCV  
  64  5:55  Refinery  
  64  5:56  SCV, Terran Infantry Weapons Level 1, Terran Infantry Armor Level 1  
  62  5:59  Refinery, Marine  
  63  6:06  Barracks  
  63  6:07  SCV, Barracks  
  63  6:08  SCV  
  66  6:19  SCV  
  66  6:21  Starport Reactor  
  66  6:22  SCV  
  66  6:23  Siege Tank  
  70  6:26  Marine  
  70  6:31  SCV  
  72  6:34  SCV  
  72  6:38  Supply Depot  
  73  6:41  Barracks  
  73  6:42  Barracks  
  73  6:43  SCV, Barracks  
  73  6:44  Marine x3  
  73  6:46  SCV, Marine  
  79  6:53  Orbital Command  
  79  6:54  Marine  
  80  6:55  SCV, Barracks Reactor x2  
  81  7:01  Armory  
  81  7:02  SCV  
  81  7:04  Marine  
  81  7:06  Marine  
  81  7:07  Marine  
  85  7:09  SCV  
  85  7:11  Medivac  
  85  7:15  Medivac  
  90  7:18  Supply Depot  
  90  7:19  Marine  
  90  7:21  SCV  
  90  7:22  Combat Shield  
  92  7:24  Marine  
  92  7:25  SCV  
  92  7:29  Supply Depot  
  94  7:30  Barracks Reactor x2  
  94  7:31  Barracks Reactor  
  94  7:32  Marine x2  
  94  7:36  SCV  
  97  7:37  SCV, Supply Depot  
  97  7:39  Marine  
  97  7:40  Refinery  
  97  7:41  Marine  
  100  7:45  SCV, Bunker  
  100  7:47  Marine  
  100  7:48  Marine x2  
  100  7:51  SCV  
  105  7:55  SCV  
  105  7:56  Marine x2  
  108  7:59  Siege Tank  
  108  8:00  Supply Depot  
  108  8:01  Supply Depot, Marine  
  114  8:07  Supply Depot  
  114  8:08  Terran Infantry Weapons Level 2, Terran Infantry Armor Level 2  
  114  8:10  Marine  
  114  8:11  Marine x4  
  114  8:12  SCV  
  118  8:14  Supply Depot  
  118  8:15  SCV  
  118  8:16  Marine x2  
  118  8:18  SCV, Marine  
  123  8:25  Marine  
  123  8:26  Marine x2  
  126  8:30  Medivac  
  126  8:31  SCV, Siege Tank, Marine  
  126  8:34  Marine  
  133  8:36  Marine  
  133  8:37  Marine x2  
  133  8:39  Marine  
  133  8:40  Supply Depot, Marine x2  
  133  8:41  SCV, Medivac  
  141  8:46  Marine x4  
  146  8:48  Marine x2  
  146  8:49  Marine  
  146  8:52  Marine  
  150  8:56  Marine  
  150  8:57  Supply Depot  
  150  8:59  Marine  
  150  9:00  Medivac  
  150  9:01  Marine  
  155  9:03  Siege Tank  
  155  9:07  Marine x2  
  155  9:09  Marine x2  
  162  9:10  Marine  
  162  9:13  Marine  
  162  9:16  Marine x2  
  160  9:20  Marine x2  
  160  9:22  Marine x2  
  164  9:26  Command Center  
  164  9:27  Supply Depot x2, Marine x2  
  164  9:28  Marine  
  167  9:33  Supply Depot  
  167  9:35  Siege Tank  
  170  9:38  Supply Depot  
  170  9:41  Marine x2  
  170  9:42  Marine  
  173  9:48  Marine  
  173  9:51  Marine  
  173  9:52  Marine x8  
  178  9:57  Medivac, Marine x2  
  178  9:59  Marine x2  
  180  10:00  Marine  
  180  10:05  Marine  
  180  10:08  Siege Tank  
  180  10:09  Marine x2  
  180  10:10  Marine  
  180  10:11  Medivac, Marine  
  189  10:24  Marine x2  
  189  10:27  Liberator  
  194  10:40  Siege Tank  
  194  10:41  Liberator  
  194  10:42  Marine  
  200  10:44  Command Center  
  200  10:57  Marine  
  200  10:58  Marine  
  200  10:59  Marauder  
  191  11:08  Marine  
  183  11:12  Siege Tank  
  183  11:15  Liberator  
  183  11:16  Marine x3  
  183  11:17  Marine  
  173  11:20  Marauder  
  173  11:23  Marine  
  176  11:31  Liberator, Marine x2  
  181  11:33  Marine x2  
  183  11:41  Marauder  
  183  11:44  Siege Tank  
  184  11:52  Marine x3  
  184  11:54  Marine  
  174  11:56  Marine  
  174  11:58  Marine  
  170  12:03  Marauder  
  170  12:04  Liberator  
  146  12:09  Marine x2  
  146  12:11  Marine x4  
  146  12:12  Marine x3  
  149  12:16  Siege Tank  
  149  12:20  Marine x2  
  149  12:22  Marine  
  150  12:24  Marauder  
  150  12:27  Marine x2  
  147  12:35  Marine x2  
  149  12:37  Liberator  
  149  12:40  Marine  
  149  12:44  Marine x2  
  152  12:46  Marauder  
  152  12:47  Liberator  
  150  12:52  Marine x2  
  150  12:55  Marine  
  150  12:56  Planetary Fortress  
  140  13:00  Siege Tank, Marine x2  
  140  13:02  SCV x2  
  140  13:05  Marine x2  
  147  13:06  Marine  
  147  13:07  Marauder  
  147  13:08  Marine  
  147  13:09  Marine  
  147  13:11  Barracks Tech Lab x2  
  147  13:16  SCV x2  
  147  13:17  SCV  
  146  13:26  Marine x3  
  149  13:28  SCV, Marauder  
  149  13:30  Marine, Marauder  
  149  13:31  Marauder  
  149  13:33  Marine  
  149  13:34  Marine  
  156  13:36  SCV  
  156  13:38  Marine x2  
  159  13:44  Siege Tank  
  159  13:45  Marine  
  163  13:50  Marauder  
  168  13:59  Marine  
  168  14:00  SCV  
  173  14:03  SCV  
  173  14:06  Marine x2  
  173  14:08  Factory  
Tags
 
Add a new tag
Caveats
  • Supply blocks, unpowered buildings, or Contaminate may cause inaccurate times.
  • Supply counts are checked every 10 seconds.